 Dungeon Crawl Stone Soup version 0.26-a0-812-g31a745ddcd (webtiles) character file.

Game seed: 6853643726483561690

16163 HoaS the Bludgeoner (level 12, -15/64 HPs)
             Began as a Gargoyle Fighter on Dec 8, 2020.
             Was an Elder of Makhleb.
             Killed from afar by an ice statue (20 damage)
             ... with a freezing blast
             ... in an ice cave.
             The game lasted 00:28:07 (10491 turns).

HoaS the Bludgeoner (Gargoyle Fighter)             Turns: 10491, Time: 00:28:08

Health: -15/64     AC: 23    Str: 29    XL:     12   Next: 34%
Magic:  12/12      EV:  7    Int: 10    God:    Makhleb [****..]
Gold:   1966       SH: 14    Dex: 16    Spells: 11/11 levels left

rFire    . . .     SeeInvis .   C - +4 demon whip (elec)
rCold    . . .     Faith    .   c - +0 kite shield
rNeg     + . .     Spirit   .   o - +0 plate armour
rPois    ∞         Reflect  .   (no helmet)
rElec    +         Harm     .   f - +2 cloak
rCorr    .         Rampage  .   (no gloves)
MR       .....                  (no boots)
Stlth    ..........             w - amulet of regeneration
HPRegen  0.60/turn              i - +6 ring of strength
MPRegen  0.13/turn              e - +6 ring of dexterity

@: no status effects
A: negative energy resistance 1, electricity resistance, unbreathing,
petrification resistance, rot immunity, AC +8
a: Minor Destruction, Lesser Servant of Makhleb, Major Destruction, Renounce
Religion


You were in an ice cave.
You worshipped Makhleb.
Makhleb was greatly pleased with you.
You visited 3 branches of the dungeon, and saw 14 of its levels.
You also visited: Ice Cave and Volcano.

You collected 1966 gold pieces.

Inventory:

Hand Weapons
 C - a +4 demon whip of electrocution (weapon)
Armour
 c - a +0 kite shield (worn)
 f - a +2 cloak (worn)
 o - a +0 plate armour (worn)
 D - a scarf of invisibility
Jewellery
 e - a +6 ring of dexterity (right hand)
 i - a +6 ring of strength (left hand)
 w - an amulet of regeneration (around neck)
 E - an uncursed ring of positive energy
Wands
 t - a wand of enslavement (10)
 u - a wand of random effects (30)
 y - a wand of flame (27)
 z - a wand of polymorph (7)
 A - a wand of disintegration (15)
 B - a wand of digging (5)
 F - a wand of iceblast (8)
Scrolls
 b - 3 scrolls of blinking
 k - a scroll of fog
 l - 2 scrolls of teleportation
 p - a scroll of remove curse
 q - a scroll of identify
 s - 3 scrolls of enchant weapon
Potions
 a - 2 potions of lignification {unknown}
 g - 5 potions of flight
 h - 3 potions of attraction {unknown}
 j - 10 potions of curing
 m - 3 potions of haste
 n - 2 potions of berserk rage {unknown}
 r - a potion of ambrosia {unknown}
 v - 5 potions of heal wounds {unknown}
 x - a potion of invisibility {unknown}
Miscellaneous
 d - a box of beasts


   Skills:
 - Level 3.2 Fighting
 * Level 15.4 Maces & Flails
 - Level 3.2 Armour
 + Level 12.6 Shields


You had 11 spell levels left.
You didn't know any spells.
Your spell library contained the following spells:

 Spells                   Type           Power        Failure   Level
 Corona                   Hex            #......      99%         1
 Sandblast                Erth           #.....       99%         1
 Ensorcelled Hibernation  Hex/Ice        #.....       100%        2
 Passwall                 Tmut/Erth      #.......     100%        2
 Confusing Touch          Hex            #.......     100%        3
 Dazzling Flash           Conj/Hex       #.....       100%        3
 Stone Arrow              Conj/Erth      #.....       100%        3
 Tukima's Dance           Hex            #.......     100%        3
 Petrify                  Tmut/Erth      #.......     100%        4
 Lee's Rapid Deconstruct  Erth           #.........   100%        5


Dungeon Overview and Level Annotations

Branches:
Dungeon (11/15)            Temple (1/1) D:4            Lair (2/6) D:11
  IceCv (1/1)             Volcano (visited)
  Swamp: Lair:2-4    Shoals: Lair:2-4     Snake: Lair:2-4    Spider: Lair:2-4
    Orc: D:9-12

Altars:
Ashenzari
Cheibriados
Dithmenos
Elyvilon
Fedhas
Gozag
Hepliaklqana
Kikubaaqudgha
Makhleb
Nemelex Xobeh
Okawaru
Qazlal
Ru
Sif Muna
Trog
Uskayaw
Vehumet
Wu Jian
Xom
Yredelemnul
Zin
The Shining One

Shops:
D:7 (

Annotations:
IceCv exclusion: 2 ice statues


Innate Abilities, Weirdness & Mutations

You are resistant to torment.
Your stone body is resilient. (AC +8)
You are immune to poison.
You resist negative energy. (rN+)
You are resistant to electric shocks. (rElec)
You can survive without breathing.
You are immune to petrification.
You are immune to rotting.


Message History

You hit the ice statue but do no damage.
The ice statue is moderately damaged.
You are engulfed in freezing vapours.
The ice beast hits you but does no damage.
You whack the ice statue!
The ice statue is heavily damaged.
You are engulfed in freezing vapours.
You block the ice beast's attack.
The ice statue gestures. x2
You hit the ice statue.
The ice statue is heavily damaged.
You are engulfed in freezing vapours.
* * * LOW HITPOINT WARNING * * *
You block the ice beast's attack.
You whack the ice statue!
The ice statue is severely damaged.
You are engulfed in freezing vapours.
* * * LOW HITPOINT WARNING * * *
The ice statue gestures at you. The freezing blast engulfs you!!
You die...

##.. ...# ... ##..##
##....# ##.....##
#....Y.8# #### #....Y@##
######..## #....°Y.###
##..##....#
#.....Y°°.###..........
#.......○...#.......∩.∩.
#........##....##.......
#.....Y.####..#####....#
##......8 #### ##..##
##.#.### #### ####


You could see 2 ice statues and 5 ice beasts.

Vanquished Creatures
  A hydra (Lair:2)
  A tengu warrior (D:10)
  Pikel (D:3)
  2 centaur zombies (D:10)
  A black mamba (Lair:1)
  A torpor snail (Lair:1)
  2 cane toads
  A kobold demonologist (D:11)
  A rime drake (Lair:1)
  A komodo dragon (Lair:1)
  3 yaktaurs (D:11)
  A tengu conjurer (D:10)
  A troll (D:10)
  A hornet (D:11)
  Prince Ribbit (D:5)
  A blink frog (Lair:1)
  The ghost of Borgoz the Skirmisher, an amateur GrMo (D:3)
  Sigmund (D:3)
  A wyvern (Lair:2)
  16 yaks
  A steam dragon (Lair:2)
  Menkaure (D:6)
  4 water moccasins
  2 ice beasts
  9 orc warriors
  2 sky beasts
  A black bear (D:10)
  A necrophage (D:11)
  7 ogres
  A wolf (Lair:1)
  A lemure (D:3)
  6 centaurs
  10 big kobolds (D:11)
  10 bullfrogs
  A water moccasin zombie (D:6)
  7 scorpions
  A water moccasin skeleton (D:7)
  6 killer bees (D:11)
  2 howler monkeys
  A bullfrog zombie (D:10)
  2 jellies
  6 orc priests
  2 centaur skeletons (D:11)
  6 hounds
  2 bullfrog skeletons
  Crazy Yiuf (D:4)
  9 orc wizards
  An iguana (D:7)
  9 worker ants
  A hound zombie (D:9)
  A howler monkey zombie (D:5)
  A worker ant zombie (D:11)
  A gnoll (D:1)
  11 adders
  2 shadow imps
  20 white imps
  An ooze (D:3)
  8 ufetubi
  An adder zombie (D:8)
  3 adder skeletons
  6 worms
  3 dart slugs (D:1)
  7 leopard geckos
  31 orcs
  3 ball pythons
  6 bats
  3 giant cockroaches
  6 goblins
  9 hobgoblins
  4 quokkas
  A frilled lizard (D:1)
  17 kobolds
  4 leopard gecko skeletons (D:4)
  2 rats
303 creatures vanquished.

Vanquished Creatures (others)
  A wyvern (Volcano)
  A white imp (IceCv)
  An ufetubus (IceCv)
  4 fungi (Lair:2)
  2 plants
  4 toadstools (D:1)
13 creatures vanquished.

Grand Total: 316 creatures vanquished

Notes
Turn   | Place    | Note
-------+----------+-------------------------------------------
     0 | D:1      | HoaS the Gargoyle Fighter began the quest for the Orb.
     0 | D:1      | Reached XP level 1. HP: 14/14 MP: 1/1
    93 | D:1      | Reached XP level 2. HP: 6/19 MP: 2/2
   436 | D:1      | Reached skill level 3 in Maces & Flails
   636 | D:1      | Reached XP level 3. HP: 20/23 MP: 3/3
  1489 | D:2      | Reached XP level 4. HP: 19/28 MP: 4/4
  2287 | D:3      | Reached skill level 4 in Maces & Flails
  2293 | D:3      | Found a transporter.
  2322 | D:3      | Noticed Sigmund
  2352 | D:3      | Killed Sigmund
  2352 | D:3      | Reached skill level 5 in Maces & Flails
  2352 | D:3      | Reached skill level 5 in Shields
  2352 | D:3      | Reached XP level 5. HP: 22/32 MP: 5/5
  2352 | D:3      | Reached XP level 6. HP: 25/37 MP: 6/6
  2490 | D:3      | Noticed Borgoz's ghost (amateur GrMo)
  2491 | D:3      | Found a transporter.
  2584 | D:3      | Found a sparkling altar of Nemelex Xobeh.
  2790 | D:4      | Noticed Pikel
  2857 | D:3      | Killed Pikel
  2857 | D:3      | Reached skill level 7 in Maces & Flails
  2857 | D:3      | Reached XP level 7. HP: 39/41 MP: 7/7
  2879 | D:4      | Found a snail-covered altar of Cheibriados.
  2917 | D:4      | Found a glowing silver altar of Zin.
  2926 | D:4      | Found a transporter.
  2942 | D:4      | Found a transporter.
  2982 | D:4      | Found a runed translucent door.
  2982 | D:4      | Noticed Crazy Yiuf
  2986 | D:4      | Killed Crazy Yiuf
  3025 | D:4      | Reached XP level 8. HP: 45/46 MP: 8/8
  3244 | D:4      | Found a staircase to the Ecumenical Temple.
  3494 | Temple   | Entered the Ecumenical Temple
  3685 | Temple   | Became a worshipper of Makhleb the Destroyer
  3838 | D:4      | Reached skill level 8 in Maces & Flails
  4120 | D:5      | Entered Level 5 of the Dungeon
  4359 | D:5      | Noticed Prince Ribbit
  4568 | D:5      | Killed Prince Ribbit
  4570 | D:5      | Reached skill level 9 in Maces & Flails
  4926 | D:5      | Reached XP level 9. HP: 51/51 MP: 9/9
  5066 | D:6      | Found a hide-covered altar of Uskayaw.
  5163 | D:6      | Reached skill level 10 in Maces & Flails
  5206 | D:6      | Reached * piety under Makhleb
  5507 | D:6      | Found a hazy altar of Hepliaklqana.
  5507 | D:6      | Found a blossoming altar of Fedhas.
  5581 | D:6      | Noticed Menkaure
  5604 | D:6      | Killed Menkaure
  6019 | D:3      | Killed Borgoz's ghost
  6132 | D:7      | Reached skill level 11 in Maces & Flails
  6315 | D:7      | Reached XP level 10. HP: 56/56 MP: 10/10
  6572 | D:7      | Got a scorched helmet
  6609 | D:7      | Found Buitik's Antique Weapon Emporium.
  6932 | D:8      | Identified the cursed -1 helmet of Hysteria {MR+} (You
                  | found it on level 7 of the Dungeon)
  6959 | D:8      | Reached ** piety under Makhleb
  7323 | D:9      | Reached skill level 12 in Maces & Flails
  7331 | D:9      | Reached skill level 10 in Shields
  7867 | D:10     | Entered Level 10 of the Dungeon
  8027 | D:10     | Reached skill level 13 in Maces & Flails
  8027 | D:10     | Reached XP level 11. HP: 60/60 MP: 11/11
  8077 | D:10     | Noticed a tengu warrior
  8091 | D:10     | Killed a tengu warrior
  8339 | D:10     | Got a faintly humming ring mail
  8418 | D:10     | Identified a scroll of acquirement
  8418 | D:10     | Acquired 955 gold pieces
  8447 | D:11     | Reached *** piety under Makhleb
  8630 | D:11     | Reached skill level 14 in Maces & Flails
  8851 | D:11     | Found a staircase to the Lair.
  8980 | D:11     | Reached **** piety under Makhleb
  9038 | D:11     | Acquired a +4 demon whip of electrocution
  9076 | Lair:1   | Entered Level 1 of the Lair of Beasts
  9077 | Lair:1   | Identified the cursed +1 ring mail of the Kangaroo {rPois
                  | Int+3} (You found it on level 10 of the Dungeon)
  9393 | Lair:1   | Found a dark tunnel.
  9443 | Volcano  | Entered a volcano
  9445 | Volcano  | Noticed a two-headed ogre
  9451 | Volcano  | Reached XP level 12. HP: 42/64 MP: 12/12
 10071 | Lair:1   | Reached skill level 15 in Maces & Flails
 10271 | Lair:2   | Noticed a five-headed hydra
 10282 | Lair:2   | Killed a five-headed hydra
 10391 | Lair:2   | Found a frozen archway.
 10436 | IceCv    | Entered an ice cave
 10491 | IceCv    | Killed from afar by an ice statue

Illustrated notes

Levels and vault maps discovered:
D:1:      ldierk_water_garden, layout_basic, dk_noncrumbling_4,
          lemuel_flame_loot_1
D:2:      layout_basic, minmay_tromino_i2
D:3:      layout_basic, gammafunk_ghost_smash, nemelex_dance_club_becter,
          uniq_sigmund
D:4:      layout_gridville, zin_academy, gammafunk_temple_overflow_arena,
          minmay_temple_entry_overgrown, uniq_pikel, uniq_crazy_yiuf_cottage
D:5:      layout_loops_corners, hangedman_decor_opposing, feat_on_display,
          uniq_prince_ribbit1
D:6:      layout_loops_ring, amethyst_overflow_temple_binary,
          overflow_temple_1_default, uniq_menkaure
D:7:      layout_loops_ring, serial_shops, shop, serial_glass, glass_columns_a,
          glass_columns_a
D:8:      layout_basic
D:9:      layout_rooms, minivault_27, small_statue_alley_b
D:10:     layout_basic
D:11:     layout_rooms, special_room [special_room_kobold]
Temple:   bh_familiar_temple
Lair:1:   layout_cellular_growth, nicolae_volcano_entry_lava_flow,
          nzn_random_ring, lemuel_fruit_fields, infiniplex_staircase_pool_2
Lair:2:   layout_regular_city, portal_ice_cave_entry_imps, grunt_megastairs_1
IceCv:    ice_cave_small_demon

Skill      XL: |  1  2  3  4  5  6  7  8  9 10 11 12 |
---------------+-------------------------------------+-----
Maces & Flails | 3 5 7 9 11 13 14 15 | 15.4
Shields        | 4 5 6 7 9 10 12 | 12.6
Fighting       | |  3.2
Armour         | |  3.2

Action                   |  1- 3 |  4- 6 |  7- 9 | 10-12 || total
-------------------------+-------+-------+-------+-------++-------
Melee: Flail             |   121 |    54 |       |       ||   175
       Whip              |       |   120 |   376 |   113 ||   609
       Morningstar       |       |       |       |   537 ||   537
       Demon whip        |       |       |       |   190 ||   190
Evoke: Wand              |       |       |       |     3 ||     3
  Use: Scroll            |     3 |     4 |     7 |     9 ||    23
       Potion            |       |     1 |     2 |     1 ||     4
Armor: Scale mail        |    34 |       |       |       ||    34
       Chain mail        |    22 |    27 |       |       ||    49
       Plate armour      |       |    67 |   149 |   360 ||   576
Dodge: Dodged            |    39 |    31 |    41 |   109 ||   220
Block: Kite shield       |    75 |    74 |   131 |   480 ||   760

Table legend: (Time is in decaauts)
 A = Elapsed time spent in this place.
 B = Non-inter-level travel time spent in this place.
 C = Inter-level travel time spent in this place.
 D = Time resting spent in this place.
 E = Time spent auto-exploring this place.
 F = Levels seen in this place.
 G = Mean time per level.
                   A        B        C        D        E       F      G
               +--------+--------+--------+--------+--------+-----+--------+
         Total |  10215 |   9571 |    644 |    865 |   6352 |  16 |  638.4 |
       Dungeon |   8656 |   8146 |    510 |    824 |   5241 |  11 |  786.9 |
        Temple |    225 |    167 |     58 |      0 |    165 |   1 |  225.0 |
          Lair |   1287 |   1212 |     75 |     41 |    939 |   2 |  643.5 |
      Ice Cave |     36 |     36 |      0 |      0 |      6 |   1 |   36.0 |
       Volcano |      9 |      9 |      0 |      0 |      0 |   1 |    9.0 |
               +--------+--------+--------+--------+--------+-----+--------+

Top non-repeatable levels by time:
     D:1: 1341 daAuts
     D:4: 1079 daAuts
  Lair:1: 951 daAuts
     D:6: 912 daAuts
     D:5: 895 daAuts
     D:3: 832 daAuts
     D:2: 772 daAuts
     D:7: 682 daAuts
    D:11: 598 daAuts
     D:9: 544 daAuts
    D:10: 543 daAuts
     D:8: 453 daAuts
  Lair:2: 335 daAuts
  Temple: 225 daAuts
   IceCv: 36 daAuts
